Unix NetHack Version 3.7.0-71 Work-in-progress - last build Jan 31 2023 02:41:03 (7ba98a1283f2b7cec35fde026edb48fc825ab8ae,branch:master). Game began 2023-02-03 03:12:22, ended 2023-02-03 03:25:53. Gandelf, neutral male human Monk ---------- #############.........| ---------------- # |........| |.<............-################ |........| |..............| #-........| |.........(.....# #---|------ |..............|### --------.--- # ## ---------|------ ###-...........# # # ## |..........|# # # # |..........|## # ## # |.....>....| # # ### ## ------------ ## ## --.--- ------ ## ##-----# |.....# |....| ## #|...-# |....|0#####.....| ### #|...|##0### |....|### |..&.| ------|--- #-...|# # ##.....| # |.@&.| |........| |...| # ------ ####..f..| |.........###### ----- |....| ---------- ------ Gandelf the Novice St:17 Dx:13 Co:12 In:10 Wi:17 Ch:8 Neutral S:1558 Dlvl:4 $:250 HP:0(39) Pw:24(24) AC:2 Xp:5/237 T:2647 Burdened Latest messages: There is a lichen corpse here; eat it? [ynq] (n) y This lichen corpse tastes delicious! You finish eating the lichen corpse. You hear some noises in the distance. Where do you want to travel to? (For instructions type a '?') Unknown direction: 'P' (use 'h', 'j', 'k', 'l' or '.'). What do you want to dip? [a-knq-zA-KM-S or ?*] ? Dip a cursed pink potion into the fountain? [yn] (n) y Your pink potion dilutes. Dip a cursed diluted pink potion into the fountain? y Your diluted pink potion dilutes further. What do you want to dip? [a-knq-zA-KM-S or ?*] z Dip an uncursed potion of healing into the fountain? [yn] (n) y Your potion of healing dilutes. Dip an uncursed diluted potion of healing into the fountain? y Your diluted potion of healing dilutes further. You unleash a water demon! The water demon hits! The water demon hits! The water demon bites! You hit the water demon! The water demon hits! The water demon hits! The water demon bites! You miss the water demon. Yeenoghu appears in a cloud of smoke! The water demon hits! The water demon hits! The water demon bites! You miss the water demon. Yeenoghu hurls a dark potion! The vial crashes on your head and breaks into shards. The dark potion evaporates. Something seems to be holding you. The water demon hits! The water demon hits! The water demon bites! Yeenoghu wields a rusty flail! Yeenoghu swings his flail. Yeenoghu hits! Yeenoghu hits! Yeenoghu casts a spell at you! You are hit by a shower of missiles! You die... Do you want your possessions identified? [ynq] (y) y Do you want to see your attributes? [ynq] (y) y Do you want an account of creatures vanquished? [ynaq] (y) y Do you want to see your conduct and achievements? [ynq] (y) y Do you want to see the dungeon overview? [ynq] (y) y Inventory: Coins $ - 250 gold pieces Weapons R - 9 +0 arrows x - a cursed -1 crossbow O - 8 +0 darts Q - 4 cursed +0 daggers s - a cursed -1 javelin B - a +0 war hammer Armor a - an uncursed +2 pair of leather gloves (being worn) E - a blessed +0 shield of reflection (being worn) b - an uncursed +1 robe (being worn) Comestibles g - 5 uncursed apples S - an uncursed apple r - an uncursed carrot P - an uncursed cream pie f - 2 uncursed food rations i - an uncursed fortune cookie h - 5 uncursed oranges A - an uncursed tripe ration Scrolls G - an uncursed scroll of enchant weapon N - a blessed scroll of identify d - an uncursed scroll of identify k - an uncursed scroll of light u - an uncursed scroll of taming Spellbooks c - a blessed spellbook of healing y - an uncursed spellbook of healing v - an uncursed spellbook of invisibility H - an uncursed spellbook of levitation I - an uncursed spellbook of protection Potions F - an uncursed potion of invisibility M - an uncursed potion of monster detection n - an uncursed potion of see invisible e - 2 potions of holy water t - an uncursed potion of water z - an uncursed potion of water Wands J - a wand of light (0:11) C - a wand of magic missile (0:4) q - a wand of secret door detection (0:11) D - a wand of wishing (0:1) Tools j - a magic marker (0:94) Gems/Stones K - an uncursed worthless piece of orange glass w - an uncursed worthless piece of yellowish brown glass Gandelf the Monk's attributes: Background: You were a Novice, a level 5 male human Monk. You were neutral, on a mission for Chih Sung-tzu who was opposed by Shan Lai Ching (lawful) and Huan Ti (chaotic). You were in the Dungeons of Doom, on level 4. You entered the dungeon 2647 turns ago. It was nighttime. You had 237 experience points, 83 more were needed to attain level 6. Your score was 1558 before end-of-game adjustments. Basics: You had 0 out of 39 hit points. You had all 24 energy points (spell power). Your armor class was 2. Your wallet contained 250 zorkmids. Autopickup was on for '$?!+/=' plus thrown. Final Characteristics: Your strength was 17 (limit:18/100). Your dexterity was 13 (limit:18). Your constitution was 12 (limit:18). Your intelligence was 10 (limit:18). Your wisdom was 17 (limit:18). Your charisma was 8 (limit:18). Final Status: You were not hungry. You were burdened; movement was slightly slowed. You were empty handed. You had basic skill with martial arts. Final Attributes: You were piously aligned. You were sleep resistant. You were poison resistant. You saw invisible. You were stealthy. You were guarded. You were fast. You had reflection. You are dead. Miscellaneous: You never encountered a bones level. Total elapsed playing time was 13 minutes and 31 seconds. Major events: Turn 1: Gandelf the neutral male human Monk entered the dungeon 456: attained the rank of Novice (level 3) 651: made his first wish - "blessed +4 polished silver shield", got "a polished silver shield" 2420: entered the Gnomish Mines 2647: killed by Yeenoghu, while frozen by a potion Vanquished creatures: a gnome mummy 2 human zombies an imp 2 yellow lights an elf zombie a giant ant a kobold leader a hill orc 2 rothes 2 giant bats 3 orc zombies a large kobold a hobgoblin 2 giant rats a brown mold a yellow mold a gnome 2 geckos 6 jackals a fox a kobold 3 goblins 6 lichens 2 newts 45 creatures vanquished. No species were genocided or became extinct. Voluntary challenges: You followed a strict vegan diet. You never hit with a wielded weapon. You read items or engraved 1 time. You never engraved Elbereth. You never genocided any monsters. You never polymorphed an object. You never changed form. You used 1 wish. You did not wish for any artifacts. Achievements: You attained the rank of Novice. You entered the Gnomish Mines. The Dungeons of Doom: levels 1 to 8 Level 1: Level 2: Level 3: Stairs down to The Gnomish Mines. Level 4: <- You were here. A fountain. Final resting place for you, killed by Yeenoghu, while frozen by a potion. Level 5: A sink. Level 6: A sink. Level 7: An altar to Chih Sung-tzu. Level 8: The Gnomish Mines: Level 4: Game over: ---------- / \ / REST \ / IN \ / PEACE \ / \ | Gandelf | | 250 Au | | killed by | | Yeenoghu | | | | | | 2023 | *| * * * | * _________)/\\_//(\/(/\)/\//\/|_)_______ Goodbye Gandelf the Monk... You died in The Dungeons of Doom on dungeon level 4 with 1533 points, and 250 pieces of gold, after 2647 moves. You were level 5 with a maximum of 39 hit points when you died.